 Dungeon Crawl Stone Soup version 0.27.1-3-gb3d3a73c9e (webtiles) character file.

Game seed: 3179416165733587308

102 Atelerd the Digger (level 4, -3/27 HPs)
             Began as an Octopode Earth Elementalist on Oct 29, 2021.
             Slain by an orc (6 damage)
             ... on level 2 of the Dungeon.
             The game lasted 00:03:34 (2585 turns).

Atelerd the Digger (Octopode Earth Elementalist)    Turns: 2585, Time: 00:03:34

Health: -3/27      AC:  1    Str:  7    XL:     4   Next: 77%
Magic:  8/8        EV: 13    Int: 18    God:
Gold:   135        SH:  0    Dex: 12    Spells: 4/9 levels left

rFire    . . .     SeeInvis .   g - +2 falchion (drain)
rCold    . . .     Faith    .   (no shield)
rNeg     . . .     Spirit   .   (helmet restricted)
rPois    .         Reflect  .   (no amulet)
rElec    .         Harm     .   i - ring of willpower
rCorr    .         Rampage  .   (no ring)
Will     +....                  (no ring)
Stlth    +++.......             (no ring)
HPRegen  0.09/turn              (no ring)
MPRegen  0.11/turn              (no ring)
                                (no ring)
                                (no ring)

@: no status effects
A: almost no armour, amphibious, 8 rings, camouflage 1, gelatinous body 1,
(nimble swimmer 1), tentacles
a: no special abilities


You were on level 2 of the Dungeon.
You visited 1 branch of the dungeon, and saw 3 of its levels.

You collected 135 gold pieces.

Inventory:

Hand Weapons
 f - a +0 dagger
 g - a +2 falchion of draining (weapon)
Missiles
 b - 33 stones
 e - a throwing net
Jewellery
 i - a ring of willpower (left tentacle)
Scrolls
 c - 2 scrolls of identify {unknown}
 d - a scroll of silence {unknown}
 h - a scroll of magic mapping {unknown}
Potions
 a - 2 potions of cancellation {unknown}
 j - a potion of lignification {unknown}
 k - 2 potions of flight {unknown}


   Skills:
 - Level 2.0 Dodging
 - Level 2.6 Stealth
 + Level 3.0 Spellcasting
 + Level 2.5 Transmutations
 + Level 3.9 Earth Magic


You had 4 spell levels left.
You knew the following spells:

 Your Spells              Type           Power      Damage    Failure   Level
a - Sandblast             Erth           32%        2d9       3%          1
b - Petrify               Tmut/Erth      14%        N/A       38%         4

Your spell library contained the following spells:

 Spells                   Type           Power      Damage    Failure   Level
 Passwall                 Tmut/Erth      11%        N/A       6%          2
 Wereblood                Tmut           12%        N/A       9%          2
 Stone Arrow              Conj/Erth      18%        3d8       22%         3
 Sublimation of Blood     Necr           1%         N/A       24%         2
 Bolt of Magma            Conj/Fire/Erth 3%         4d5       95%         5
 Summon Hydra             Summ           1%         N/A       100%        7
 Shatter                  Erth           8%         3d10*     100%        9


Dungeon Overview and Level Annotations

Branches:
Dungeon (3/15)

Altars:


Innate Abilities, Weirdness & Mutations

You cannot wear most types of armour.
You are amphibious.
You can wear up to eight rings at the same time.
Your skin changes colour to match your surroundings (Stealth+).
Your rubbery body absorbs attacks. (AC +1, EV +1)
((You are camouflaged near water. (Stealth+)))
You have tentacles for arms and can constrict up to eight enemies at once.


Message History

What level of the Dungeon? (default 1, ? - help)
There is an open door here.
There is an open door here.
Things that are here:
a +0 dagger; a +0 dagger; a +0 club
There is an open door here.
There is a stone staircase leading down here.
You climb downwards.
There is a stone staircase leading up here.
There are monsters nearby!
There are monsters nearby!
There are monsters nearby!
There are monsters nearby!
There are monsters nearby!
The helpless orc wizard fails to defend itself.
You hit the orc wizard. Your grab misses the orc wizard.
The orc wizard is moderately wounded.
The orc wizard hits you with a +0 dagger.
The orc shouts!
Unknown command.
The orc priest shouts!
The orc shouts!
The orc wizard gestures wildly while chanting.
The orc wizard flickers and vanishes!
Deactivating autopickup; reactivate with Ctrl-A.
The orc hits you with a +1 dagger of electrocution.
You are electrocuted!
Ouch! That really hurt!
* * * LOW HITPOINT WARNING * * *
You climb upwards.
Reactivating autopickup.
There is a stone staircase leading down here.
Unknown command.
Unknown command.
You are too injured to fight recklessly!
Unknown command.
Deactivating autopickup; reactivate with Ctrl-A.
You hit something. You squeeze something. Something hits you.
* * * LOW HITPOINT WARNING * * *
The orc hits you with a +1 dagger of electrocution.
You die...

......##........##..#
...##.##.##.#.#.##..#
....................#############
.|.##..........[.##.............#
...##..#.####.##.##..##########.#
.......#.# #.##.##..# #.#
..###.##.# #.##.....# #..
.......#.####.##o###.# #..
..###..#........@# #.# ##.
.....<.#..######.###.# #.
..........# #......# #.
..####.##.# #..#.### ##
..####.##.# #..#.# # ..........#
#..#.# #..###.#### #..#.# #..#
#.# ######..#.#
#..###.###.........#


You could see an orc.

Vanquished Creatures
  4 adders (D:2)
  A worm (D:2)
  3 dart slugs
  6 endoplasms
  A giant cockroach (D:1)
  7 goblins
  5 hobgoblins
  4 jackals (D:1)
  A kobold (D:2)
  4 quokkas
  6 ball pythons
  5 bats
  4 frilled lizards
  2 rats
53 creatures vanquished.

Notes
Turn   | Place    | Note
-------+----------+-------------------------------------------
     0 | D:1      | Atelerd the Octopode Earth Elementalist began the quest for
                  | the Orb.
     0 | D:1      | Reached XP level 1. HP: 11/11 MP: 3/3
   284 | D:1      | Reached XP level 2. HP: 17/17 MP: 1/5
  1047 | D:1      | Reached XP level 3. HP: 21/21 MP: 6/6
  1721 | D:2      | Reached XP level 4. HP: 27/27 MP: 6/8
  1870 | D:2      | Learned a level 4 spell: Petrify
  2006 | D:2      | Found a faded altar of an unknown god.
  2585 | D:2      | Slain by an orc

Illustrated notes

Levels and vault maps discovered:
D:1:      dpeg_arrival_chambers_temple_mockup, layout_rooms
D:2:      cheibrodos_greedy_goblins, layout_loops_ring, basic_ecumenical_altar,
          hangedman_decor_growths, minmay_fractal_squares_5
D:3:      layout_loops_ring, kennysheep_minor_cross, minmay_goblin_kobold_house,
          uniq_ijyb, uniq_grinder, uniq_robin

Skill      XL: |  1  2  3  4 |
---------------+-------------+-----
Transmutations | 2 |  2.5
Spellcasting   | 3 |  3.0
Dodging        | |  2.0
Stealth        | |  2.6
Earth Magic    | |  3.9

Action                   |  1- 3 |  4- 6 || total
-------------------------+-------+-------++-------
Melee: Unarmed           |    17 |       ||    17
       Tentacles         |    11 |     7 ||    18
       Constrict         |    11 |     8 ||    19
       Dagger            |     9 |       ||     9
       Falchion          |    11 |    22 ||    33
 Cast: Sandblast         |    22 |     7 ||    29
 Stab: Sleeping          |     7 |     4 ||    11
Armor: Skin              |     4 |     2 ||     6
Dodge: Dodged            |    33 |    11 ||    44
       Rpst.: Falchion   |     4 |     4 ||     8
